 Dungeon Crawl Stone Soup version 0.30.1-11-g7821555f0a (webtiles) character file.

Game seed: 5006147696159044356

647 ChrisAssaf the Cutter (level 7, -1/60 HPs)
             Began as a Red Draconian Monk on Nov 13, 2023.
             Slain by a kobold brigand
             ... wielding a +0 club
              (3 damage)
             ... on level 5 of the Dungeon.
             The game lasted 00:09:03 (1891 turns).

ChrisAssaf the Cutter (Red Draconian Monk)          Turns: 1891, Time: 00:09:04

Health: -1/60      AC:  6    Str: 14    XL:     7   Next: 27%
Magic:  6/9        EV: 13    Int: 12    God:
Gold:   18         SH:  0    Dex: 13    Spells: 6/9 levels left

rFire   + . .        k - +0 shortbow (heavy)
rCold   . . .        (shield currently unavailable)
rNeg    . . .        (body armour unavailable)
rPois   .            (helmet restricted)
rElec   .            (no cloak)
rCorr   .            (no gloves)
SInv    .            (no boots)
Will    .....        (no amulet)
Stlth   ++           (no ring)
HPRegen 0.30/turn    (no ring)
MPRegen 0.11/turn

%: no passive effects
@: short of breath, very slightly contaminated, slowed, very slow
A: breathe fire, AC +6, unfitting armour, fire resistance 1, cold-blooded
a: Breathe Fire


You were on level 5 of the Dungeon.
You visited 1 branch of the dungeon, and saw 5 of its levels.

You collected 78 gold pieces.
You spent 60 gold pieces at shops.

Inventory:

Hand Weapons
 a - a +1 short sword
 k - a +0 heavy shortbow (weapon)
Missiles
 f - 2 javelins
 l - 5 curare-tipped darts
Armour
 c - an orb of light
Jewellery
 i - a +6 ring of dexterity
Scrolls
 e - a scroll of blinking {unknown}
 h - a scroll of enchant armour
 m - a scroll of amnesia {unknown}
 n - a scroll of teleportation {unknown}
 o - a scroll of vulnerability {unknown}
Potions
 b - a potion of cancellation {unknown}
 g - a potion of flight
 j - a potion of berserk rage
 p - a potion of heal wounds {unknown}


   Skills:
 * Level 4.8 Fighting
 * Level 5.2 Short Blades
 * Level 0.2 Ranged Weapons
 * Level 1.4 Throwing
 * Level 4.2 Dodging
 * Level 1.9 Stealth
 * Level 1.7 Spellcasting
 * Level 1.5 Ice Magic


You had 6 spell levels left.
You knew the following spells:

 Your Spells              Type           Power      Damage    Failure   Level
a - Frozen Ramparts       Ice            8%         1d2       41%         3

Your spell library contained the following spells:

 Spells                   Type           Power      Damage    Failure   Level
 Freeze                   Ice            16%        1d4       16%         1
 Lesser Beckoning         Tloc           2%         N/A       38%         2
 Hailstorm                Conj/Ice       2%         3d3       52%         3
 Gell's Gravitas          Tloc           1%         N/A       63%         3
 Portal Projectile        Hex/Tloc       2%         N/A       63%         3
 Teleport Other           Tloc           1%         N/A       63%         3
 Tukima's Dance           Hex            1%         N/A       63%         3
 Blade Hands              Tmut           0%         N/A       100%        5


Dungeon Overview and Level Annotations

Branches:
Dungeon (5/15)
 Temple: D:4-7

Altars:
Fedhas

Shops:
D:5 [[?**


Innate Abilities, Weirdness & Mutations

You can breathe blasts of fire.
Your fiery red scales are hard. (AC +6)
You cannot fit into any form of body armour.
Your flesh is heat resistant. (rF+)
You are cold-blooded and may be slowed by cold attacks.


Message History

You feel better. The water moccasin bites you.
* * * LOW HITPOINT WARNING * * *
You are lethally poisoned!
The water moccasin poisons you! The kobold brigand closely misses you.
The water moccasin bites you!
* * * LOW HITPOINT WARNING * * *
You are more poisoned.
The water moccasin poisons you!
The kobold brigand hits you with a +0 club.
* * * LOW HITPOINT WARNING * * *
You feel better.
The water moccasin bites you but does no damage.
The kobold brigand hits you with a +0 club.
* * * LOW HITPOINT WARNING * * *
The water moccasin bites you but does no damage.
Aiming: Breathe Fire (5% risk of failure)
Press: ? - help, Shift-Dir - straight line, f/p - kobold brigand
Aim: a kobold brigand, wielding a +0 club and quivering curare-tipped darts (heavily wounded, 60% to hit)
You breathe a blast of fire.
The fiery breath hits the kobold brigand.
The kobold brigand is severely wounded.
The water moccasin bites you.
* * * LOW HITPOINT WARNING * * *
The kobold brigand closely misses you. The water moccasin closely misses you.
The kobold brigand hits you with a +0 club.
* * * LOW HITPOINT WARNING * * *
Unknown command.
The water moccasin attacks as you move away!
The water moccasin closely misses you. x2
Casting: Frozen Ramparts (dangerous; 41% risk of failure)
Confirm with . or Enter, or press ? or * to list all spells.
Casting: Frozen Ramparts (dangerous; 41% risk of failure)
Press: ? - help, Dir - look around, f - activate You miscast Frozen Ramparts.
You are very lightly contaminated with residual magic.
Nothing appears to happen.
The water moccasin closely misses you.
The kobold brigand hits you but does no damage.
The water moccasin closely misses you.
The kobold brigand hits you with a +0 club.
You die...

#..........................
#..##....#...#...#...#...#.#
.. #.....#.#...#.#...#.#..
###....#...#.☼.#...#....
##...................#
#.#...#...#...#...#.#
####..#.#...#.#...#.#..#
.......#K..#...#...#. ..
##.#...@S........... ..#
#.#...#)..#...#. # #
#..#.#...#.#...
#.....#...#...#. ###...
........ #.#. .#...#... #..#
#...#$#.. . . ..#...#.


You could see a water moccasin and a kobold brigand.

Vanquished Creatures
  An ogre (D:5)
  A centaur (D:5)
  A gnoll sergeant (D:5)
  A wight (D:5)
  A jelly (D:5)
  2 sleepcaps (D:5)
  Jessica (D:2)
  3 iguanas (D:5)
  2 orc wizards (D:3)
  3 adders
  6 gnolls
  A worm (D:2)
  8 orcs
  An endoplasm (D:1)
  3 giant cockroaches
  3 hobgoblins
  5 jackals (D:5)
  3 kobolds
  2 quokkas (D:5)
  3 ball pythons
  A bat (D:1)
  2 goblins
  4 rats
58 creatures vanquished.

Notes
Turn   | Place    | Note
-------+----------+-------------------------------------------
     0 | D:1      | ChrisAssaf the Draconian Monk began the quest for the Orb.
     0 | D:1      | Reached XP level 1. HP: 19/19 MP: 1/1
   188 | D:1      | Reached XP level 2. HP: 26/26 MP: 2/2
   237 | D:2      | Noticed Jessica
   241 | D:2      | Killed Jessica
   242 | D:2      | Reached XP level 3. HP: 19/33 MP: 3/3
   395 | D:3      | Learned a level 3 spell: Frozen Ramparts
   471 | D:3      | Reached XP level 4. HP: 21/40 MP: 4/4
   699 | D:3      | Reached skill level 1 in Stealth
  1015 | D:4      | Found a blossoming altar of Fedhas.
  1073 | D:5      | Entered Level 5 of the Dungeon
  1144 | D:5      | Reached skill level 4 in Short Blades
  1144 | D:5      | Reached XP level 5. HP: 19/46 MP: 6/6
  1265 | D:5      | Reached skill level 1 in Spellcasting
  1394 | D:5      | Found Siheujiq's General Store.
  1401 | D:5      | Bought a potion of berserk rage for 60 gold pieces
  1409 | D:5      | Reached skill level 1 in Ice Magic
  1483 | D:5      | Found Rimnot's Armour Emporium.
  1512 | D:5      | Reached XP level 6. HP: 19/53 MP: 7/7
  1534 | D:5      | Found Sekhlang's Antique Armour Boutique.
  1546 | D:5      | Found Eguppinu's Magic Scroll Shoppe.
  1639 | D:5      | Reached skill level 1 in Throwing
  1697 | D:5      | Reached skill level 5 in Short Blades
  1697 | D:5      | Your scales start taking on a fiery red colour.
  1697 | D:5      | Reached XP level 7. HP: 14/60 MP: 9/9
  1697 | D:5      | Gained mutation: Your flesh is heat resistant. (rF+) [Red
                  | Draconian growth]
  1713 | D:5      | Found Vehimo's General Store.
  1889 | D:5      | HP: 1/60 [kobold brigand/+0 club (4)]
  1891 | D:5      | Slain by a kobold brigand

Illustrated notes

Levels and vault maps discovered:
D:1:      dpeg_arrival_prison, layout_rooms, minmay_cupped
D:2:      layout_rooms, uniq_jessica, uniq_sigmund, uniq_natasha
D:3:      minmay_razor_zed, layout_basic, basic_ecumenical_altar, uniq_ijyb
D:4:      layout_basic, mainiacjoe_overflow_alcove_1, serial_shops,
          nicolae_shop_bloodbath_and_beyond, nicolae_shop_pleasant_corner_grove,
          nicolae_figureground_pulse, uniq_blork_the_orc
D:5:      cheibrodos_fzero, layout_loops_cross, temple_statues, serial_shops,
          nicolae_square_shop, shop, shop, shop, shop

Skill      XL: |  1  2  3  4  5  6 |
---------------+-------------------+-----
Dodging        | 3 4 |  4.2
Fighting       | 4 |  4.8
Stealth        | 1 |  1.9
Short Blades   | 4 5 |  5.2
Spellcasting   | 1 |  1.7
Ice Magic      | 1 |  1.5
Throwing       | 1 |  1.4
Ranged Weapons | |  0.2

Action                     |  1- 3 |  4- 6 |  7- 9 || total
---------------------------+-------+-------+-------++-------
  Melee: Short sword       |    71 |   138 |     9 ||   218
         Tailslap          |    13 |    25 |       ||    38
   Fire: Shortbow          |       |       |    12 ||    12
  Throw: Javelin           |     2 |     9 |       ||    11
         Throwing net      |       |     1 |       ||     1
Ability: Breathe Fire      |       |       |     4 ||     4
    Use: Scroll            |     2 |     4 |       ||     6
         Potion            |       |     6 |     2 ||     8
   Stab: Held in net/web   |       |     1 |       ||     1
 Armour: Skin              |    15 |    40 |     9 ||    64
  Dodge: Dodged            |    28 |   104 |    21 ||   153
